Map: Acropolis LE

Players

SortOf

  • Race: Zerg Zerg
  • League: Master
  • Spawn Location: 5:00

DPGPartinG (PartinG) - Winner!

  • Race: Protoss Protoss
  • Spawn Location: 11:00

Event: HomeStory Cup XX

VOD

Have the link to the VOD?

Description

Time

  • Played on: Nov. 21, 2019, 10:29 a.m.
  • Length: 11:47

All games in this series

Show
View Real Time Build Order
Export as new Build Order

SortOf Zerg 

Build Orders: Hatch First 

Get SALT Encoding   

  12  0:00  Drone  
  13  0:12  Overlord  
  13  0:16  Drone  
  14  0:31  Drone x2  
  16  0:48  Hatchery  
  15  0:51  Drone  
  15  0:54  Drone  
  15  0:57  Drone  
  18  1:09  Extractor  
  17  1:13  Spawning Pool  
  17  1:15  Drone  
  17  1:19  Drone  
  18  1:28  Drone  
  19  1:39  Drone  
  20  1:45  Hatchery  
  19  1:49  Drone  
  20  1:59  Queen  
  20  2:00  Zergling x2  
  23  2:04  Drone  
  24  2:12  Overlord  
  24  2:17  Drone  
  25  2:29  Metabolic Boost  
  25  2:31  Queen  
  25  2:33  Drone x2  
  25  2:35  Drone  
  30  2:42  Overlord  
  30  2:44  Drone  
  30  2:46  Drone  
  32  2:55  Drone x2  
  32  2:58  Queen  
  36  3:00  Drone  
  37  3:08  Drone  
  37  3:10  Zergling x2  
  37  3:11  Zergling x2  
  40  3:19  Lair  
  40  3:21  Drone x2  
  40  3:22  Drone  
  43  3:32  Drone  
  43  3:33  Drone x2  
  46  3:35  Queen, Roach Warren  
  46  3:40  Drone x2  
  49  3:42  Overlord  
  49  3:47  Drone  
  50  3:51  Overlord  
  50  3:52  Overlord  
  50  4:00  Queen  
  50  4:02  Zergling x10  
  57  4:06  Spore Crawler  
  57  4:08  Zergling x4  
  58  4:15  Extractor, Drone x3  
  58  4:16  Overseer  
  60  4:18  Drone x2  
  62  4:32  Drone x8  
  62  4:34  Overlord  
  70  4:40  Overlord  
  70  4:45  Overlord  
  70  4:46  Extractor, Overlord  
  70  4:47  Roach  
  70  4:49  Overseer  
  70  4:51  Roach  
  74  4:53  Roach  
  74  5:04  Zergling x8  
  71  5:09  Zergling x10  
  72  5:14  Drone  
  72  5:16  Glial Reconstitution  
  72  5:19  Drone x5  
  78  5:21  Spore Crawler  
  78  5:24  Overlord  
  78  5:26  Drone  
  78  5:31  Roach x4  
  86  5:39  Overlord  
  86  5:42  Overlord  
  86  5:43  Extractor, Roach x3  
  91  5:50  Overlord  
  91  5:52  Overlord  
  91  5:53  Roach x3  
  91  5:54  Roach  
  91  5:56  Overlord  
  99  6:01  Drone x3  
  102  6:15  Roach x2  
  102  6:16  Overlord  
  106  6:20  Drone x7  
  109  6:26  Zergling x4  
  109  6:32  Overlord  
  111  6:34  Drone  
  111  6:38  Extractor  
  111  6:41  Evolution Chamber  
  111  6:42  Baneling Nest, Evolution Chamber  
  111  6:45  Overlord  
  111  6:46  Zergling x14  
  115  6:54  Hatchery  
  113  6:57  Drone  
  115  7:01  Drone x2  
  115  7:02  Extractor  
  115  7:04  Overlord  
  115  7:08  Roach x2  
  119  7:10  Zerg Missile Weapons Level 1, Zerg Ground Armor Level 1  
  119  7:14  Drone x2  
  121  7:15  Ravager  
  121  7:16  Ravager x3  
  121  7:17  Overlord  
  124  7:25  Roach x6  
  136  7:36  Overlord  
  131  7:41  Centrifical Hooks  
  131  7:44  Infestation Pit, Roach  
  130  7:45  Roach x4  
  130  7:46  Overlord  
  130  7:48  Zergling x6  
  130  7:50  Ravager x2  
  130  7:51  Zergling x4  
  147  7:55  Ravager  
  147  7:56  Zergling x2  
  149  8:02  Zergling x4  
  151  8:06  Ravager x2  
  151  8:07  Zergling x10  
  158  8:13  Zergling x14  
  158  8:14  Infestation Pit  
  164  8:25  Drone x4  
  167  8:28  Baneling x11  
  167  8:30  Zergling x4  
  170  8:34  Drone x2  
  170  8:38  Drone x3  
  170  8:39  Drone x3  
  174  8:46  Baneling x3  
  174  8:47  Baneling x10  
  174  8:48  Spore Crawler  
  173  8:51  Drone x2  
  173  8:54  Zergling x12  
  180  8:58  Baneling x7  
  180  8:59  Zergling x4  
  180  9:02  Extractor  
  181  9:06  Drone  
  181  9:07  Spine Crawler  
  181  9:08  Overseer  
  181  9:10  Hive  
  181  9:12  Drone x3  
  181  9:13  Zergling x8  
  188  9:23  Zergling x20  
  194  9:35  Zergling x18  
  197  9:40  Spire  
  197  9:45  Zerg Melee Weapons Level 1  
  196  9:47  Zergling x6  
  198  10:01  Zergling x2  
  198  10:06  Baneling  
  198  10:07  Baneling x18  
  199  10:16  Baneling x7  
  199  10:19  Extractor  
  198  10:27  Hatchery  
  194  10:29  Zergling x12  
  200  10:41  Zergling x8  
  198  10:48  Zergling x6  
  186  11:02  Zergling x32  
  155  11:08  Zergling x8  
  155  11:09  Baneling x15  
  155  11:10  Baneling x9  
  153  11:14  Roach  
  151  11:19  Roach x3  
Show
View Real Time Build Order
Export as new Build Order

DPGPartinG Protoss - Winner!

Build Orders: 1 Gate Expand, Zealot Archon, Archon Drop, Dark Templar Rush 

Get SALT Encoding   

  12  0:00  Probe  
  13  0:12  Probe  
  14  0:17  Pylon  
  14  0:25  Probe  
  15  0:28  Assimilator  
  15  0:34  Probe  
  15  0:42  Probe, Gateway  
  17  0:51  Probe  
  18  1:03  Probe  
  19  1:15  Probe  
  20  1:23  Nexus  
  20  1:32  Cybernetics Core  
  20  1:35  Probe  
  21  1:40  Assimilator  
  21  1:47  Probe  
  21  1:50  Pylon  
  22  1:58  Warp Gate, Stalker  
  22  1:59  Probe  
  23  2:11  Probe  
  26  2:16  Twilight Council  
  26  2:23  Probe  
  26  2:29  Robotics Facility  
  27  2:34  Probe  
  27  2:35  Probe  
  29  2:42  Probe  
  31  2:48  Probe  
  31  2:50  Probe  
  33  2:58  Dark Shrine  
  32  3:00  Probe  
  32  3:05  Gateway  
  34  3:09  Warp Prism  
  34  3:10  Gateway  
  33  3:22  Probe  
  33  3:24  Probe  
  37  3:27  Assimilator  
  37  3:30  Assimilator  
  37  3:34  Probe  
  37  3:36  Probe  
  37  3:41  Pylon  
  39  3:44  Probe  
  40  3:48  Probe  
  40  3:50  Observer  
  40  3:53  Probe  
  42  4:00  Probe  
  42  4:01  Probe  
  44  4:09  Dark Templar  
  47  4:10  Dark Templar x2  
  47  4:12  Probe  
  47  4:13  Probe  
  53  4:19  Pylon  
  53  4:31  Probe  
  53  4:37  Pylon, Probe  
  55  4:44  Dark Templar x3  
  61  4:47  Pylon x2  
  61  4:52  Probe  
  62  4:55  Probe  
  59  5:15  Nexus  
  59  5:16  Blink  
  59  5:17  Stalker  
  59  5:18  Sentry x2  
  59  5:20  Observer  
  65  5:22  Archon  
  65  5:24  Immortal, Archon, Probe x2  
  65  5:25  Observer  
  67  5:29  Shield Battery  
  67  5:31  Forge  
  67  5:34  Protoss Ground Weapons Level 1  
  71  5:38  Probe x2  
  73  5:50  Probe x2  
  73  5:54  Immortal  
  79  6:04  Probe  
  79  6:05  Probe  
  79  6:07  Photon Cannon  
  81  6:12  Sentry x2  
  81  6:17  Probe x2  
  82  6:25  Stalker  
  82  6:29  Probe x2  
  82  6:30  Probe  
  82  6:31  Gateway  
  85  6:33  Gateway  
  85  6:35  Gateway  
  85  6:38  Immortal, Gateway  
  85  6:41  Probe x2  
  91  7:00  Gateway  
  91  7:02  Pylon  
  91  7:04  Pylon, Probe  
  91  7:05  Probe x2  
  91  7:06  Assimilator  
  91  7:07  Sentry x3  
  100  7:10  Assimilator  
  100  7:23  Pylon, Nexus  
  100  7:27  Robotics Bay  
  100  7:28  Protoss Ground Weapons Level 2, Photon Cannon  
  100  7:29  Stalker x2  
  104  7:31  Pylon  
  104  7:34  Pylon  
  104  7:38  Stalker x2  
  104  7:41  Probe  
  109  7:44  Pylon  
  109  7:49  Stalker x3  
  115  7:53  Probe x3  
  115  7:56  Observer  
  119  8:00  Shield Battery  
  119  8:03  Colossus  
  119  8:13  Probe x2  
  127  8:30  Stalker  
  127  8:31  Stalker x6  
  127  8:32  Shield Battery  
  137  8:43  Shield Battery, Probe x2  
  137  8:45  Colossus  
  137  8:46  Shield Battery  
  137  8:47  Extended Thermal Lance  
  139  8:50  Stalker  
  139  8:51  Probe  
  142  8:59  Gateway  
  142  9:01  Gateway  
  148  9:03  Probe  
  148  9:06  Charge, Templar Archives  
  149  9:10  Assimilator  
  149  9:12  Assimilator  
  149  9:19  Pylon  
  149  9:21  Pylon  
  149  9:22  Pylon, Stalker x2  
  149  9:23  Stalker  
  149  9:24  Pylon  
  155  9:28  Colossus  
  155  9:35  Stalker x4  
  163  9:43  Pylon  
  163  9:45  Pylon  
  169  9:47  Pylon, Observer, Probe  
  170  9:53  Stalker x3  
  176  10:01  Pylon  
  176  10:02  Pylon  
  176  10:21  Stalker x9  
  178  10:22  Stalker  
  192  10:46  Stalker x4  
  192  10:47  Stalker  
  168  11:05  Stalker x5  
  168  11:09  Stalker  
  168  11:10  Stalker x4  
  146  11:33  Stalker x4  
  146  11:34  Stalker x5  
  146  11:36  Zealot  
Tags
 
Add a new tag
Caveats
  • Supply blocks, unpowered buildings, or Contaminate may cause inaccurate times.
  • Supply counts are checked every 10 seconds.